 Dungeon Crawl Stone Soup version 0.30.1-11-g7821555f0a (webtiles) character file.

Game seed: 9197549626253958904

821 Curundu the Cleaver (level 7, -1/59 HPs)
             Began as a Minotaur Berserker on Jan 12, 2024.
             Was a Believer of Trog.
             Slain by Prince Ribbit (4 damage)
             ... on level 5 of the Dungeon.
             The game lasted 00:14:53 (3924 turns).

Curundu the Cleaver (Minotaur Berserker)            Turns: 3924, Time: 00:14:54

Health: -1/59      AC:  6    Str: 30    XL:     7   Next: 63%
Magic:  0/6        EV:  8    Int:  4    God:    Trog [**....]
Gold:   178        SH:  9    Dex:  9    Spells: 6/6 levels left

rFire   . . .        a - +1 hand axe
rCold   . . .        m - +0 tower shield
rNeg    . . .        b - +0 scale mail
rPois   .            (helmet restricted)
rElec   .            (no cloak)
rCorr   .            (no gloves)
SInv    .            (no boots)
Will    .....        p - amulet of guardian spirit Stlth
                     n - +6 ring of strength
HPRegen 0.29/turn    (no ring)
MPRegen 0.10/turn

%: guardian spirit
@: no status effects
A: horns 2, retaliatory headbutt
a: Renounce Religion, Berserk, Trog's Hand


You were on level 5 of the Dungeon.
You worshipped Trog.
Trog was pleased with you.
You visited 1 branch of the dungeon, and saw 5 of its levels.

You collected 206 gold pieces.
You spent 28 gold pieces at shops.

Inventory:

Hand Weapons
 a - a +1 hand axe (weapon)
Missiles
 o - a throwing net (quivered)
Armour
 b - a +0 scale mail (worn)
 m - a +0 tower shield (worn)
Jewellery
 n - a +6 ring of strength (left hand)
 p - an amulet of guardian spirit (around neck)
Wands
 l - a wand of charming (12)
Scrolls
 q - 2 scrolls of identify
Potions
 c - a potion of ambrosia
 d - a potion of cancellation {unknown}
 e - 7 potions of curing
 f - a potion of invisibility {unknown}
 g - a potion of magic {unknown}
 h - a potion of mutation {unknown}
 i - 3 potions of flight
 j - a potion of heal wounds {unknown}
 k - 2 potions of haste
 r - a potion of attraction {unknown}


   Skills:
 - Level 4.0 Fighting
 + Level 10.6 Axes
 - Level 2.5 Armour
 - Level 2.5 Dodging


You had 6 spell levels left.
You didn't know any spells.
Your spell library was empty.

Dungeon Overview and Level Annotations

Branches:
Dungeon (5/15)
 Temple: D:4-7

Altars:
Kikubaaqudgha

Shops:
D:3 *[*[!   D:4 :

Annotations:
D:5 Prince Ribbit


Innate Abilities, Weirdness & Mutations

You have a pair of horns on your head.
You reflexively headbutt those who attack you in melee.


Message History

You climb upwards.
There is a stone staircase leading down here.
You start resting.
Magic restored.
You start resting.
You feel yourself speed up.
You start resting.
You recover from your berserk rage.
You start resting.
HP restored.
You climb downwards.
Level annotation: Prince Ribbit Prince Ribbit hits you!
Prince Ribbit lets out a mournful croak.
Prince Ribbit blinks!
There is a stone staircase leading up, spattered with blood here.
Prince Ribbit barely misses you.
You barely miss Prince Ribbit. Prince Ribbit hits you!
You slash Prince Ribbit! Your headbutt misses Prince Ribbit.
Prince Ribbit is heavily wounded.
Prince Ribbit hits you! Prince Ribbit closely misses you.
You miss Prince Ribbit.
Prince Ribbit is heavily wounded.
You block Prince Ribbit's attack.
You barely miss Prince Ribbit. Your headbutt misses Prince Ribbit.
Prince Ribbit is heavily wounded.
Prince Ribbit hits you! You block Prince Ribbit's attack.
You hit Prince Ribbit.
Prince Ribbit is heavily wounded.
Prince Ribbit hits you.
* * * LOW HITPOINT WARNING * * *
You miss Prince Ribbit.
Prince Ribbit is heavily wounded.
Prince Ribbit hits you!
* * * LOW HITPOINT WARNING * * *
Prince Ribbit hits you.
* * * LOW HITPOINT WARNING * * *
There is a stone staircase leading up, spattered with blood here.
Prince Ribbit hits you.
You die...

###########....#.#
#..............#.#
#.........)[#..#.#
#....>.....# #..
#..........# #
#####...###
##########.รท.##
........##.#..#
#@F.....#
####.##......
#........#.
#..........
............
##.....<.....
#...........
#........


You could see Prince Ribbit.

Vanquished Creatures
  Eustachio (D:4)
  Duvessa (D:5)
  An ice beast (D:4)
  2 scorpions (D:4)
  Blork the orc (D:4)
  Dowan (D:5)
  2 hounds
  A jelly (D:4)
  2 iguanas (D:4)
  6 adders
  An ufetubus (D:5)
  2 worms (D:4)
  2 dart slugs (D:2)
  An orc (D:3)
  7 bats
  9 endoplasms
  5 giant cockroaches
  7 goblins
  7 hobgoblins
  3 jackals (D:2)
  2 quokkas (D:1)
  5 ball pythons
  2 frilled lizards
  2 kobolds
  4 rats
77 creatures vanquished.

Notes
Turn   | Place    | Note
-------+----------+-------------------------------------------
     0 | D:1      | Curundu the Minotaur Berserker began the quest for the Orb.
     0 | D:1      | Reached XP level 1. HP: 19/19 MP: 0/0
     4 | D:1      | Found a faded altar of an unknown god.
   240 | D:1      | Reached skill level 4 in Axes
   240 | D:1      | Reached XP level 2. HP: 27/27 MP: 1/1
   704 | D:2      | Reached XP level 3. HP: 32/33 MP: 2/2
   707 | D:2      | Reached ** piety under Trog
   803 | D:2      | Reached skill level 5 in Axes
  1249 | D:2      | Reached XP level 4. HP: 32/40 MP: 3/3
  1344 | D:3      | Found Movvata's General Store.
  1367 | D:3      | Bought a scroll of identify for 28 gold pieces
  1397 | D:3      | Found Weneto Uwkeh's Distillery.
  1410 | D:3      | Found Aruiciuz's Antique Armour Boutique.
  1553 | D:3      | Found Xules's Armour Shoppe.
  1719 | D:3      | Found Ismybo's General Store.
  1759 | D:3      | Reached skill level 6 in Axes
  2091 | D:4      | Noticed a scorpion
  2102 | D:4      | Killed a scorpion
  2103 | D:4      | Reached XP level 5. HP: 39/46 MP: 4/4
  2153 | D:4      | Reached skill level 7 in Axes
  2248 | D:4      | Noticed an ice beast
  2255 | D:4      | Killed an ice beast
  2256 | D:4      | Reached XP level 6. HP: 39/52 MP: 3/5
  2332 | D:4      | Reached skill level 8 in Axes
  2474 | D:4      | Noticed Eustachio
  2513 | D:3      | Reached *** piety under Trog
  2808 | D:4      | Killed Eustachio
  2809 | D:4      | Reached skill level 9 in Axes
  3297 | D:4      | Reached XP level 7. HP: 46/58 MP: 4/6
  3414 | D:4      | Found Kanaala's Book Boutique.
  3435 | D:4      | Noticed Blork the orc
  3443 | D:4      | Killed Blork the orc
  3594 | D:4      | Found an ancient bone altar of Kikubaaqudgha.
  3697 | D:5      | Entered Level 5 of the Dungeon
  3710 | D:5      | Reached skill level 10 in Axes
  3722 | D:5      | Noticed Dowan
  3722 | D:5      | Noticed Duvessa
  3734 | D:5      | Noticed Prince Ribbit
  3745 | D:5      | Killed Duvessa
  3748 | D:5      | Killed Dowan
  3924 | D:5      | Slain by Prince Ribbit

Illustrated notes

Levels and vault maps discovered:
D:1:      minmay_arrival_diagonal_passages, layout_loops_ring,
          ebering_ecumenical_altar_hall, minivault_26, minmay_pentomino_w4
D:2:      layout_rooms, palyth_stone_intersect
D:3:      layout_basic, serial_shops, nicolae_shop_tiny_glass,
          nicolae_shop_statue_plus, nicolae_shop_industrial_runoff, shop,
          nicolae_shop_real_fake_doors
D:4:      layout_cave_pools, kennysheep_mini, serial_shops,
          nicolae_shop_just_a_little_nook, uniq_eustachio, uniq_blork_the_orc
D:5:      layout_rooms, elyvilon_altar_5, mainiacjoe_overflow_boulevard,
          mainiacjoe_overflow_cross_hatched, gammafunk_temple_overflow_statue,
          nicolae_shop_sticking_my_neck_out, uniq_duvessa, uniq_prince_ribbit1

Skill      XL: |  1  2  3  4  5  6  7 |
---------------+----------------------+-----
Axes           | 4 5 6 7 9 10 | 10.6
Fighting       | 4 |  4.0
Armour         | |  2.5
Dodging        | |  2.5

Action                     |  1- 3 |  4- 6 |  7- 9 || total
---------------------------+-------+-------+-------++-------
  Melee: Hand axe          |    79 |   106 |    36 ||   221
         Headbutt          |     7 |    13 |     4 ||    24
         Punch             |     1 |       |       ||     1
  Throw: Throwing net      |       |     1 |       ||     1
 Invoke: Trog's Hand       |     1 |     1 |     1 ||     3
         Berserk           |       |     1 |     1 ||     2
    Use: Scroll            |       |     6 |     3 ||     9
         Potion            |       |       |     1 ||     1
 Armour: Animal skin       |     5 |       |       ||     5
         Ring mail         |     6 |       |       ||     6
         Scale mail        |    32 |    44 |     9 ||    85
  Dodge: Dodged            |    66 |    50 |    15 ||   131
  Block: Tower shield      |    13 |    65 |    19 ||    97
